 Dungeon Crawl Stone Soup version 0.28.0 (webtiles) character file.

Game seed: 3221478940267508809

31 Hasart the Shield-Bearer (level 2, -7/25 HPs)
             Began as a Demigod Fighter on Feb 14, 2022.
             Mangled by Grinder (9 damage)
             ... while paralysed by Grinder
             ... on level 3 of the Dungeon.
             The game lasted 00:02:13 (2351 turns).

Hasart the Shield-Bearer (Demigod Fighter)          Turns: 2351, Time: 00:02:14

Health: -7/25      AC:  9    Str: 17    XL:     2   Next: 90%
Magic:  4/4        EV:  2    Int: 10    God:
Gold:   109        SH:  0    Dex: 13    Spells: 1/1 levels left

rFire   + + .      SeeInvis .   a - +0 long sword
rCold   . . .      Faith    .   c - +0 buckler
rNeg    . . .      Spirit   .   k - +0 fire dragon scales
rPois   .          Reflect  .   (no helmet)
rElec   .          Harm     .   (no cloak)
rCorr   .          Rampage  .   (no gloves)
Will    .....                   (no boots)
Stlth   ..........              (no amulet)
HPRegen 0.08/turn               g - ring of protection from cold
MPRegen 0.09/turn               (no ring)

@: paralysed, mighty
A: high MP 1, forlorn, divine attributes
a: no special abilities


You were on level 3 of the Dungeon.
You visited 1 branch of the dungeon, and saw 3 of its levels.

You collected 109 gold pieces.

Inventory:

Hand Weapons
 a - a +0 long sword (weapon)
Missiles
 o - 2 poisoned darts (quivered)
Armour
 b - a +0 scale mail
 c - a +0 buckler (worn)
 k - +0 fire dragon scales (worn)
 q - a +0 pair of gloves
Jewellery
 g - a ring of protection from cold (left hand)
 j - a ring of magical power
Scrolls
 e - a scroll of enchant weapon {unknown}
 f - a scroll of identify {unknown}
 i - a scroll of blinking {unknown}
 l - a scroll of fog {unknown}
 n - a scroll of vulnerability {unknown}
Potions
 h - a potion of ambrosia {unknown}
 m - 2 potions of heal wounds {unknown}
 p - a potion of resistance {unknown}


   Skills:
 + Level 2.9 Fighting
 * Level 2.3 Long Blades
 + Level 0.0 Throwing
 + Level 2.9 Armour
 + Level 0.7 Dodging
 + Level 2.9 Shields


You had one spell level left.
You didn't know any spells.
Your spell library contained the following spells:

 Spells                   Type           Power      Damage    Failure   Level
 Blade Hands              Tmut           0%         N/A       100%        5
 Irradiate                Conj/Tmut      0%         3d13      100%        5
 Dragon Form              Tmut           0%         N/A       100%        7


Dungeon Overview and Level Annotations

Branches:
Dungeon (3/15)

Annotations:
D:3 Grinder


Innate Abilities, Weirdness & Mutations

You have an increased reservoir of magic. (+10% MP)
You shall have no god before yourself.
Your divine heritage dramatically boosts your attributes as you level up.


Message History

You open the door.
There is an open door here.
Found a pair of gloves.
No target in view!
No target in view!
Grinder comes into view.
You see here a +0 pair of gloves.
q - a +0 pair of gloves You start putting on your armour.
You continue putting on your +0 pair of gloves.
Grinder blinks!
You continue putting on your +0 pair of gloves.
Grinder gestures at you.
Keep equipping yourself? [Y]es or [N]o only, please.
Keep equipping yourself?
You stop putting on your armour.
You struggle to resist.
You feel very mighty all of a sudden.
Grinder blinks!
Unknown command.
You barely miss Grinder. Grinder hits you!
You hit Grinder.
Grinder is lightly wounded.
Grinder closely misses you. Grinder barely misses you.
You slash Grinder!
Grinder is moderately wounded.
Grinder closely misses you.
You closely miss Grinder.
Grinder is moderately wounded.
Grinder says, "Wait up."
Grinder gestures at you.
You suddenly lose the ability to move!
Grinder says, "DUCK!"
Grinder hits you.
You writhe in agony.
Grinder hits you.
* * * LOW HITPOINT WARNING * * *
You writhe in agony.
* * * LOW HITPOINT WARNING * * *
Grinder hits you!
You die...

##########
.........#
###########
########.#
#.@........
#.######5#########
#.#......#
#.#.###### #†#.#
#.#.# #.#.# #.#.#
########.#.#


You could see Grinder.

Vanquished Creatures
  A dart slug (D:1)
  2 endoplasms (D:2)
  3 goblins
  6 hobgoblins
  A quokka (D:1)
  2 ball pythons (D:1)
  4 bats
  2 frilled lizards
  3 kobolds
  4 rats (D:1)
28 creatures vanquished.

Notes
Turn   | Place    | Note
-------+----------+-------------------------------------------
     0 | D:1      | Hasart the Demigod Fighter began the quest for the Orb.
     0 | D:1      | Reached XP level 1. HP: 18/18 MP: 3/3
   302 | D:1      | Reached XP level 2. HP: 22/25 MP: 4/4
  2336 | D:3      | Noticed Grinder
  2348 | D:3      | Paralysed by Grinder for 4 turns
  2351 | D:3      | Mangled by Grinder

Illustrated notes

Levels and vault maps discovered:
D:1:      sevenhm_arrival_forest_fort_large_2, layout_basic,
          nrook_loot_triangle, amcnicky_mini_rare_corridor_liquid, minivault_25,
          nicolae_concentric_dashed_squares_wild, minmay_heptomino_d4
D:2:      minmay_wonky_spiral, layout_basic
D:3:      minmay_bubble_buster, layout_basic,
          shapermc_ecumenical_altar_mp_ritualfount, uniq_grinder, uniq_robin,
          uniq_ijyb, uniq_terence

Skill      XL: |  1 |
---------------+----+-----
Long Blades    | 2 |  2.3
Fighting       | |  2.9
Armour         | |  2.9
Dodging        | |  0.7
Shields        | |  2.9

Action                   || total
-------------------------++-------
Melee: Long sword        ||    97
  Use: Potion            ||     1
Armor: Scale mail        ||    42
       Fire dragon scale ||    11
Dodge: Dodged            ||    45
Block: Buckler           ||    25
